 Dungeon Crawl Stone Soup version 0.17-a0-1210-g1e4f09d (webtiles) character file.

9661 Zwobot the Zephyrmancer (level 11, 74/74 HPs)
             Began as a High Elf Air Elementalist on June 3, 2015.
             Was a Priest of Vehumet.
             Quit the game on level 2 of the Lair of Beasts.
             The game lasted 01:11:22 (12193 turns).

Zwobot the Zephyrmancer (HEAE)                     Turns: 12193, Time: 01:11:22

Health: 74/74      AC:  6    Str:  7    XL:     11   Next: 26%
Magic:  23/23      EV: 20    Int: 23    God:    Vehumet [***...]
Gold:   813        SH:  0    Dex: 16    Spells: 6 memorised, 9 levels left

rFire  . . .     SeeInvis .     Q - +2 whip (elec)
rCold  . . .     Clarity  .     O - +0 robe {MR+}
rNeg   . . .     SustAt   .     (no shield)
rPois  +         Gourm    .     H - +0 hat
rElec  .         Spirit   .     g - +2 cloak
rCorr  .         Warding  .     (no gloves)
rMut   .         Stasis   .     d - +0 pair of boots
MR     ++...                    F - amulet of regeneration
Stlth  ++........               s - +3 ring of evasion
                                f - ring of poison resistance

@: repel missiles, very resistant to hostile enchantments, unstealthy
A: no striking features
a: Renounce Religion


You were on level 2 of the Lair of Beasts.
You worshipped Vehumet.
Vehumet was most pleased with you.
You were not hungry.

You visited 3 branches of the dungeon, and saw 13 of its levels.

You collected 813 gold pieces.

Inventory:

Hand weapons
 t - a +0 mace of protection
 x - a +0 quarterstaff
 z - a +0 blowgun
 Q - a +2 whip of electrocution (weapon)
 R - a +1 flail of draining
Missiles
 i - 325 stones (quivered)
 m - 70 poisoned needles
 n - 2 throwing nets
 E - 8 curare-tipped needles
Armour
 d - a +0 pair of boots (worn)
 g - a +2 cloak (worn)
 H - a +0 hat (worn)
 O - a +0 robe of magic resistance (worn)
 U - a +0 buckler
Magical staves
 p - an uncursed staff of energy
Rods
 b - a +0 rod of ignition (12/12)
   (You found it on level 6 of the Dungeon)
Jewellery
 a - an uncursed ring of sustain attributes
 e - an uncursed ring of wizardry
 f - a ring of poison resistance (left hand)
 s - a +3 ring of evasion (right hand)
 u - an uncursed ring of teleportation
 F - an amulet of regeneration (around neck)
 Y - a +3 ring of intelligence
Magical devices
 v - a wand of digging (9)
 M - a wand of fire (9)
 N - a wand of frost (9)
 X - a wand of lightning (12)
 Z - a wand of polymorph (10)
Scrolls
 h - 3 scrolls of recharging
 k - 2 scrolls of magic mapping
 l - 3 scrolls of immolation
 y - 3 scrolls of fog
 J - 2 scrolls of enchant armour
 W - 2 scrolls of remove curse
Potions
 o - 2 potions of magic
 w - a potion of resistance
 A - 3 potions of curing
 B - 2 potions of brilliance
 C - 2 potions of might
 G - 4 potions of haste
 K - a potion of cancellation
 L - a potion of ambrosia
Books
 q - a book of Death

   Spells                             Type                      Level
   a - Corpse Rot                     Necromancy                   2
   b - Sublimation of Blood           Necromancy                   2
   c - Agony                          Necromancy                   5
   d - Dispel Undead                  Necromancy                   5
   e - Excruciating Wounds            Charms/Necromancy            5
   f - Bolt of Draining               Conjuration/Necromancy       5
Miscellaneous
 S - a stone of tremors (inert)
 V - a box of beasts {used: 1}
Comestibles
 c - 7 bread rations
 j - 2 meat rations
 r - 16 fruits


   Skills:
 + Level 6.6 Fighting
 - Level 8.0 Dodging
 - Level 2.1 Stealth
 + Level 7.8 Spellcasting
 - Level 10.0 Conjurations
 * Level 11.8 Air Magic


You had 9 spell levels left.
You knew the following spells:

 Your Spells              Type           Power        Failure   Level  Hunger
a - Shock                 Conj/Air       ####         1%          1    None
b - Static Discharge      Conj/Air       ######..     1%          3    None
c - Repel Missiles        Chrm/Air       #####.       1%          2    None
d - Swiftness             Chrm/Air       #####...     1%          2    None
e - Lightning Bolt        Conj/Air       ######....   1%          5    #####..
f - Conjure Flame         Conj/Fire      ####....     1%          3    None


Dungeon Overview and Level Annotations

Branches:
Dungeon (10/15)            Temple (1/1) D:7            Lair (2/8) D:10
    Orc (0/4) D:10

Altars:
Ashenzari
Cheibriados
Dithmenos
Elyvilon
Fedhas
Gozag
Kikubaaqudgha
Makhleb
Nemelex Xobeh
Okawaru
Qazlal
Ru
Sif Muna
Trog
Vehumet
Xom
Yredelemnul
Zin
The Shining One

Shops:
D:6 }   D:10 }

Annotations:
D:4 Blork the orc


Message History

Moving in this stuff is going to be slow.
Found a stone staircase leading down.
Done exploring.
Okay, then.
(D) Dungeon (T) Temple (L) Lair (O) Orcish Mines
Where to? (Enter - Lair:1, ? - help)
There is a stone staircase leading down here.
You climb downwards.
You feel an oppressive heat about you.
There is an entrance to a volcano on this level.
Hurry and find it before the entrance collapses!
There is a stone staircase leading up here.
Save game and exit?
You feel an oppressive heat about you.
There is an entrance to a volcano on this level.
Hurry and find it before the entrance collapses!
Welcome back, Zwobot the High Elf Air Elementalist.
Vehumet says: Let it end in hellfire!
Press ? for a list of commands and other information.
Save game and exit?
Okay, then.
Are you sure you want to abandon this character and quit the game? (Confirm with "yes".)

###
###P.##
.....
##..#
#.@.#
#.#...#
# ...##
##..#
#..#
....
#..#
#..#


There were no monsters in sight!

Vanquished Creatures
  A hydra (Lair:1)
  2 hill giants (D:10)
  An ugly thing (D:9)
  A black mamba (Lair:1)
  2 spiny frogs (Lair:1)
  A komodo dragon (Lair:1)
  A wyvern (D:8)
  A deep elf mage (D:9)
  3 hippogriffs
  A hungry ghost (D:8)
  4 wolves (Lair:1)
  Edmund (D:4)
  2 water moccasins
  3 ogres
  An ice beast (D:7)
  4 orc warriors (D:10)
  A necrophage (D:8)
  3 sky beasts
  A phantom (D:9)
  2 black bears
  2 centaurs
  2 crocodiles (Lair:1)
  6 giant frogs
  A gnoll sergeant (D:6)
  2 big kobolds
  2 scorpions
  A water moccasin skeleton (D:8)
  5 wights (D:8)
  A wyvern skeleton (D:10)
  The ghost of tamere the Ducker, a weakling TrBe of Trog (D:3)
  8 killer bees
  A giant frog zombie (D:6)
  2 crimson imps (D:10)
  5 centaur skeletons
  A gnoll shaman (D:10)
  4 orc priests (D:10)
  4 hounds
  8 orc wizards
  A jelly (D:10)
  An iguana (Lair:1)
  Natasha (D:3)
  8 worker ants
  A killer bee zombie (D:9)
  2 hound skeletons
  A hound zombie (D:6)
  23 gnolls
  12 adders
  9 river rats (Lair:1)
  2 shadow imps
  3 oozes
  2 worms
  An adder skeleton (D:5)
  6 giant geckos
  37 orcs
  13 bats
  A bat zombie (D:6)
  5 giant cockroaches
  8 goblins
  12 hobgoblins
  6 jackals
  14 kobolds
  7 quokkas
  2 ball pythons
  A giant cockroach zombie (D:5)
  5 giant newts
  16 rats
292 creatures vanquished.

Vanquished Creatures (collateral kills)
  An iguana (Lair:1)
  2 river rats (Lair:1)
3 creatures vanquished.

Vanquished Creatures (others)
  A chimera (D:9)
1 creature vanquished.

Grand Total: 296 creatures vanquished

Notes
Turn   | Place    | Note
--------------------------------------------------------------
     0 | D:1      | Zwobot the High Elf Air Elementalist began the quest for the Orb.
     0 | D:1      | Reached XP level 1. HP: 11/11 MP: 4/4
   634 | D:1      | Reached XP level 2. HP: 17/17 MP: 4/6
  1279 | D:1      | Reached XP level 3. HP: 21/21 MP: 4/7
  1284 | D:1      | Learned a level 3 spell: Static Discharge
  1479 | D:1      | Reached skill level 4 in Air Magic
  1483 | D:1      | Learned a level 2 spell: Repel Missiles
  1711 | D:2      | Reached XP level 4. HP: 27/27 MP: 5/8
  2431 | D:3      | Noticed tamere's ghost (weakling TrBe)
  2441 | D:3      | Killed tamere's ghost
  2441 | D:3      | Reached skill level 5 in Air Magic
  2441 | D:3      | Reached XP level 5. HP: 11/31 MP: 0/9
  3038 | D:3      | Reached skill level 5 in Conjurations
  3160 | D:3      | Reached XP level 6. HP: 36/36 MP: 6/10
  3168 | D:3      | Learned a level 2 spell: Swiftness
  3193 | D:3      | Found a shimmering altar of Xom.
  3422 | D:3      | Reached skill level 1 in Fighting
  3451 | D:3      | Noticed Natasha
  3455 | D:3      | Killed Natasha
  3803 | D:4      | Found a bloodstained altar of Trog.
  4043 | D:4      | Noticed Blork the orc
  4073 | D:4      | Reached skill level 6 in Air Magic
  4078 | D:4      | Noticed Edmund
  4085 | D:4      | Reached XP level 7. HP: 40/45 MP: 0/11
  4129 | D:4      | Killed Edmund
  4362 | D:4      | Found a glowing golden altar of the Shining One.
  4693 | D:5      | Entered Level 5 of the Dungeon
  5531 | D:5      | Reached XP level 8. HP: 52/52 MP: 7/12
  5817 | D:6      | Reached skill level 5 in Dodging
  5818 | D:6      | Reached skill level 7 in Air Magic
  6427 | D:6      | Identified a +0 rod of ignition (12/12) (You found it on level 6 of the Dungeon)
  6432 | D:6      | Found Xoeweun's Gadget Emporium.
  6467 | D:7      | Learned a level 5 spell: Lightning Bolt
  6527 | D:7      | Found a staircase to the Ecumenical Temple.
  6535 | Temple   | Entered the Ecumenical Temple
  6627 | Temple   | Became a worshipper of Vehumet
  6904 | D:7      | Found a shadowy altar of Dithmenos.
  7143 | D:8      | Reached XP level 9. HP: 56/56 MP: 11/16
  7147 | D:8      | Found a bloodstained altar of Trog.
  7503 | D:8      | Acquired Vehumet's first power
  7503 | D:8      | Offered knowledge of Freeze by Vehumet.
  7529 | D:8      | Reached skill level 8 in Dodging
  7830 | D:8      | Reached skill level 5 in Spellcasting
  8439 | D:9      | Noticed a red ugly thing
  8480 | D:9      | Killed a red ugly thing
  8480 | D:9      | Reached skill level 9 in Air Magic
  8714 | D:9      | Offered knowledge of Flame Tongue by Vehumet.
  8815 | D:9      | Reached XP level 10. HP: 57/64 MP: 19/19
  9397 | D:10     | Entered Level 10 of the Dungeon
  9409 | D:10     | Found an ancient bone altar of Kikubaaqudgha.
  9571 | D:10     | Found a staircase to the Lair.
  9587 | D:10     | Noticed a hill giant
  9594 | D:10     | Killed a hill giant
  9793 | D:10     | Reached skill level 10 in Air Magic
  9838 | D:10     | Reached skill level 5 in Fighting
 10108 | D:10     | Noticed a hill giant
 10116 | D:10     | Killed a hill giant
 10145 | D:10     | Found Fyjerao's Gadget Shoppe.
 10205 | D:10     | Offered knowledge of Conjure Flame by Vehumet.
 10220 | D:10     | Learned a level 3 spell: Conjure Flame
 10382 | D:10     | Reached skill level 10 in Conjurations
 10404 | D:10     | Acquired Vehumet's second power
 10535 | D:10     | Found a staircase to the Orcish Mines.
 11083 | Lair:1   | Entered Level 1 of the Lair of Beasts
 11171 | Lair:1   | Reached skill level 11 in Air Magic
 11175 | Lair:1   | Noticed a four-headed hydra
 11191 | Lair:1   | Killed a four-headed hydra
 11191 | Lair:1   | Reached XP level 11. HP: 61/72 MP: 11/22
 11308 | Lair:1   | Offered knowledge of Dazzling Spray by Vehumet.
 11775 | Lair:1   | Noticed a black mamba
 11789 | Lair:1   | Killed a black mamba
 11898 | Lair:1   | Identified a scroll of acquirement
 12193 | Lair:2   | Quit the game

Vault maps used:
D:1:      lightli_arrival_lavapool
D:2:      first_bread
D:3:      tgw_xom, uniq_natasha
D:4:      tso_metal_star, st_stairs_12, trog_three_pillars_becter,
          uniq_blork_the_orc, uniq_edmund
D:6:      serial_shops, shop
D:7:      minmay_temple_entry_glassed_door, serial_shops,
          nicolae_shop_behind_doors, nicolae_dithmenos_the_darkroom
D:8:      blue_anna_alchemist, bloody_trog
D:10:     lair_0_dummy, david_orc_4, serial_shops, shop, basic_altar
Temple:   kilobyte_greek_temple_18
Lair:1:   infiniplex_staircase_pool_2, serial_bayou_shore_b
Lair:2:   minmay_lair_oklob_tunnel, nicolae_volcano_entry_batcave

Action                   |  1- 3 |  4- 6 |  7- 9 | 10-12 || total
-------------------------+-------+-------+-------+-------++-------
Melee: Short sword       |    14 |    15 |       |       ||    29
       Quarterstaff      |       |    19 |    54 |    50 ||   123
       Spear             |       |       |    98 |    28 ||   126
       Whip              |       |       |    17 |    42 ||    59
       Mace              |       |       |     4 |       ||     4
       Flail             |       |       |       |     8 ||     8
 Fire: Blowgun           |       |       |    12 |    11 ||    23
 Cast: Shock             |    60 |   100 |   225 |    58 ||   443
       Repel Missiles    |     1 |     1 |     1 |     2 ||     5
       Static Discharge  |       |       |     1 |    11 ||    12
       Swiftness         |       |       |     1 |     1 ||     2
       Lightning Bolt    |       |       |     3 |    24 ||    27
       Conjure Flame     |       |       |       |    14 ||    14
Evoke: Rod               |       |       |     3 |     4 ||     7
       Wand              |       |       |     2 |     1 ||     3
       Box of beasts     |       |       |     1 |       ||     1
       Stone of tremors  |       |       |       |     1 ||     1
  Use: Scroll            |     1 |    10 |    11 |     5 ||    27
       Potion            |       |       |     2 |     2 ||     4
 Stab: Sleeping          |       |       |     9 |     1 ||    10
       Distracted        |       |       |     1 |     1 ||     2
  Eat: Chunk             |     3 |     7 |    16 |    15 ||    41
       Fruit             |       |       |     3 |     8 ||    11
